Map: Hecate LE

Players

Vindicta - Winner!

  • Race: Terran Terran
  • League: Grandmaster
  • Spawn Location: 1:00

Practice

  • Race: Terran Terran
  • League: Grandmaster
  • Spawn Location: 7:00

VOD

Have the link to the VOD?

Description

Time

  • Played on: Sept. 28, 2023, 9:50 p.m.
  • Length: 5:14
Show
View Real Time Build Order
Export as new Build Order

Vindicta Terran - Winner!

Build Orders: 2 Factory, Cyclone Opening 

Get SALT Encoding   

  12  0:01  SCV  
  13  0:14  SCV  
  14  0:20  Supply Depot  
  14  0:26  SCV  
  15  0:41  SCV  
  16  0:43  Barracks  
  16  0:45  Refinery  
  16  0:53  SCV  
  17  0:58  Refinery  
  17  1:05  SCV  
  18  1:18  SCV  
  19  1:32  Orbital Command, Reaper  
  20  1:40  Supply Depot  
  20  1:45  Factory  
  20  1:58  SCV  
  21  2:04  Barracks Reactor  
  21  2:10  SCV  
  22  2:22  SCV  
  23  2:24  Command Center  
  23  2:34  SCV  
  24  2:38  Supply Depot  
  24  2:45  Cyclone  
  24  2:47  Cyclone  
  24  2:48  SCV  
  29  2:57  Factory  
  29  2:58  Barracks Reactor  
  29  3:02  SCV  
  30  3:10  Supply Depot  
  30  3:14  SCV  
  30  3:18  Cyclone  
  33  3:24  Cyclone  
  35  3:46  Orbital Command  
  35  3:48  Cyclone  
  35  3:50  Cyclone  
  35  3:53  Cyclone  
  39  3:57  Cyclone  
  42  4:10  SCV  
  38  4:17  SCV  
  38  4:20  Cyclone  
  38  4:22  Cyclone, SCV  
  42  4:25  Refinery  
  42  4:29  SCV  
  43  4:32  Cyclone  
  43  4:34  SCV  
  46  4:41  SCV  
  46  4:42  Cyclone  
  49  4:46  SCV  
  52  4:59  SCV x2  
  54  5:12  Supply Depot  
Show
View Real Time Build Order
Export as new Build Order

Practice Terran 

Build Orders: 2 Factory, Cyclone Opening 

Get SALT Encoding   

  12  0:00  SCV  
  13  0:13  SCV  
  14  0:18  Supply Depot  
  14  0:25  SCV  
  15  0:29  Refinery  
  15  0:39  SCV  
  16  0:44  Barracks  
  16  0:51  SCV  
  16  0:55  Refinery  
  17  1:03  SCV  
  18  1:15  SCV  
  19  1:31  Orbital Command  
  19  1:33  Reaper  
  20  1:41  Factory  
  20  1:52  Supply Depot  
  20  1:59  SCV  
  21  2:06  Marine  
  22  2:14  Factory  
  22  2:18  SCV  
  23  2:25  Cyclone  
  25  2:35  Supply Depot  
  25  2:36  Marine  
  26  2:38  SCV  
  27  2:57  Cyclone  
  29  2:59  Cyclone  
  29  3:01  Barracks Reactor  
  29  3:02  Supply Depot  
  29  3:03  SCV  
  32  3:16  SCV  
  33  3:28  SCV  
  33  3:31  Cyclone  
  38  3:38  Supply Depot  
  32  3:52  Cyclone  
  32  3:53  Cyclone  
  36  4:02  SCV  
  36  4:03  Cyclone  
  37  4:14  SCV  
  32  4:24  Cyclone  
  32  4:25  Cyclone  
  32  4:31  SCV  
  37  4:35  Cyclone  
  38  4:43  SCV  
  35  4:55  SCV  
Tags
 
Add a new tag
Caveats
  • Supply blocks, unpowered buildings, or Contaminate may cause inaccurate times.
  • Supply counts are checked every 10 seconds.